 Dungeon Crawl Stone Soup version 0.22-a0-274-gf8199ec (webtiles) character file.

4841 Amnesiac the Thaumaturge (level 10, -4/79 HPs)
             Began as a Mummy Wizard on Mar 13, 2018.
             Shot with a bolt by an orc warlord (37 damage)
             ... in a bailey.
             The game lasted 00:20:22 (8425 turns).

Amnesiac the Thaumaturge (Mummy Wizard)             Turns: 8425, Time: 00:20:23

Health: -4/79      AC:  4    Str: 11    XL:     10   Next: 25%
Magic:  20/39      EV: 16    Int: 20    God:
Gold:   299        SH:  0    Dex: 11    Spells: 14/29 levels left

rFire    x . .     SeeInvis .   a - staff of power
rCold    + . .     Gourm    .   (no shield)
rNeg     + + +     Faith    .   r - +1 robe
rPois    ∞         Spirit   .   c - +1 hat
rElec    .         Reflect  .   m - scarf {cloud immunity}
rCorr    .         Harm     .   (no gloves)
MR       +....                  (no boots)
Stlth    ++........             e - amulet of the acrobat
HPRegen  0.23/turn              (no ring)
MPRegen  0.26/turn              (no ring)

@: very slightly contaminated
A: no food or potions, fire vulnerability, cold resistance 1, negative energy
resistance 3, torment resistance, unbreathing
a: no special abilities


You were in a bailey.
You were not hungry.

You visited 1 branch of the dungeon, and saw 7 of its levels.
You also visited: Bailey.

You collected 391 gold pieces.
You spent 92 gold pieces at shops.

Inventory:

Hand Weapons
 b - a +2 dagger of venom
Missiles
 f - 44 arrows
 g - 27 poisoned needles
 h - 3 curare-tipped needles
Armour
 c - a +1 hat (worn)
 m - a scarf of cloud immunity (worn)
 o - a +0 robe of magic resistance
 r - a +1 robe (worn)
Magical Staves
 a - an uncursed staff of power (weapon)
Jewellery
 e - an amulet of the acrobat (around neck)
 l - an uncursed amulet of faith
Wands
 n - a wand of flame (21)
Scrolls
 d - a scroll of enchant armour {!r}
 p - 2 scrolls of acquirement {!r}
 q - a scroll of amnesia {!r}
Miscellaneous
 s - a phial of floods
 u - a fan of gales


   Skills:
 + Level 7.6 Fighting
 * Level 9.0 Dodging
 - Level 1.5 Stealth
 + Level 10.1 Spellcasting
 - Level 1.0 Conjurations
 - Level 0.7 Summonings
 - Level 0.7 Translocations


You had 14 spell levels left.
You knew the following spells:

 Your Spells              Type           Power        Failure   Level  Hunger
a - Poisonous Vapours     Pois/Air       ##....       11%         2    N/A
b - Call Imp              Summ           ##......     8%          2    N/A
c - Sticks to Snakes      Tmut           ##......     11%         2    N/A
d - Magic Dart            Conj           ##..         4%          1    N/A
e - Mephitic Cloud        Conj/Pois/Air  ##......     19%         3    N/A
s - Conjure Flame         Conj/Fire      ##......     17%         3    N/A
v - Blink                 Tloc           N/A          8%          2    N/A

Dungeon Overview and Level Annotations

Branches:
Dungeon (7/15)
 Temple: D:4-7

Altars:
Ashenzari
Hepliaklqana
Makhleb
Nemelex Xobeh
Uskayaw
Vehumet
Yredelemnul
The Shining One

Shops:
D:6 (*

Annotations:
D:5 tidbits's ghost, amateur GnTm


Innate Abilities, Weirdness & Mutations

You do not eat or drink.
Your flesh is vulnerable to fire.
You are immune to poison.
Your flesh is cold resistant. (rC+)
You are immune to negative energy. (rN+++)
You are immune to unholy pain and torment.
You can survive without breathing.


Message History

Poisonous vapours surround the orc knight!
The orc knight is engulfed in poison gas.
The orc knight is poisoned.
Casting: Poisonous Vapours (safe; 11% risk of failure)
Confirm with . or Enter, or press ? or * to list all spells.
Aiming: Poisonous Vapours (safe; 11% risk of failure)
Press: ? - help, Dir - move target cursor, f/p - orc knight
Aim: an orc knight, wielding a broad axe and wearing a plate armour (lightly wounded, poisoned, confused) Poisonous vapours surround the orc knight!
The orc knight is engulfed in poison gas.
The orc knight looks even sicker.
Casting: Poisonous Vapours (safe; 11% risk of failure)
Confirm with . or Enter, or press ? or * to list all spells.
Aiming: Poisonous Vapours (safe; 11% risk of failure)
Press: ? - help, Dir - move target cursor, f/p - orc knight
Aim: an orc knight, wielding a broad axe and wearing a plate armour (lightly wounded, poisoned, confused) Poisonous vapours surround the orc knight!
The orc knight is engulfed in poison gas.
The orc knight looks even sicker.
Casting: Poisonous Vapours (safe; 11% risk of failure)
Confirm with . or Enter, or press ? or * to list all spells.
Aiming: Poisonous Vapours (safe; 11% risk of failure)
Press: ? - help, Dir - move target cursor, f/p - orc knight
Aim: an orc knight, wielding a broad axe and wearing a plate armour (moderately wounded, poisoned, confused) Poisonous vapours surround the orc knight!
The orc knight is engulfed in poison gas.
The orc knight looks as sick as possible!
Casting: Poisonous Vapours (safe; 11% risk of failure)
Confirm with . or Enter, or press ? or * to list all spells.
Aiming: Poisonous Vapours (safe; 11% risk of failure)
Press: ? - help, Dir - move target cursor, f/p - orc knight
Aim: an orc knight, wielding a broad axe and wearing a plate armour (heavily wounded, poisoned, confused) Poisonous vapours surround the orc knight!
The orc knight is engulfed in poison gas.
The orc knight looks as sick as possible!
Casting: Poisonous Vapours (safe; 11% risk of failure)
Confirm with . or Enter, or press ? or * to list all spells.
Aiming: Poisonous Vapours (safe; 11% risk of failure)
Press: ? - help, Dir - move target cursor, f/p - orc knight
Aim: an orc knight, wielding a broad axe and wearing a plate armour (heavily wounded, poisoned, confused)
You miscast Poisonous Vapours.
You are very lightly contaminated with residual magic.
Nothing appears to happen.
The orc warlord shoots a bolt.
The bolt hits you!!!
Ouch! That really hurt!
* * * LOW HITPOINT WARNING * * *
Okay, then.
Unknown command.
Casting: Poisonous Vapours (safe; 11% risk of failure)
Confirm with . or Enter, or press ? or * to list all spells.
Aiming: Mephitic Cloud (safe; 19% risk of failure)
Press: ? - help, Shift-Dir - straight line, f - orc warlord, p - orc knight
Aim: an orc warlord, wielding an arbalest and wearing a runed plate armour The ball explodes into a vile cloud!
The stinking cloud engulfs the orc warlord.
You hear a shout!
Casting: Mephitic Cloud (safe; 19% risk of failure)
Confirm with . or Enter, or press ? or * to list all spells.
Okay, then.
Casting: Mephitic Cloud (safe; 19% risk of failure)
Confirm with . or Enter, or press ? or * to list all spells.
You create a snake!
You now have 44 arrows.
The orc knight seems less confused.
The orc warlord is engulfed in noxious fumes.
The orc warlord shoots a bolt.
The bolt hits you!!!
You die...

...##.....)...###
..###....
.).#...).......#
..##8....
.o))..)).......#
..)#8....
g[)')....⌠.§...#
...).....
)..'.....§§.§§§#
...#8....
...#...).§§§§§§#
..##8....
...##....§§§§§###
..###....
)).♣###..§§§###.###
###.###.. .♣♣♣
###.#'#.S.@.###
###.....#'# ♣♣
###.o.).....###.....)...#
#...........#)..).......
#.)......)).#...........
#.....⌠.)..)#.))..).....
#......))..)))..........
#...........#o).........
##....)....###.........#
###...).### ###.....###


You could see an orc warlord, an orc knight and a friendly ball python.

Vanquished Creatures
  A wizard (D:7)
  Pikel (D:4)
  An orc knight (Bailey)
  2 orc sorcerers (D:7)
  Sigmund (D:6)
  Menkaure (D:5)
  2 sky beasts
  9 orc warriors (Bailey)
  A slave (D:3)
  An ice beast (D:7)
  2 ogres
  A bullfrog (D:7)
  2 scorpions
  A killer bee (D:7)
  2 howler monkeys
  A bullfrog zombie (D:6)
  2 orc priests
  A gnoll shaman (D:7)
  4 worker ants
  Natasha (thrice) (D:3 D:5)
  2 iguanas
  4 orc wizards
  2 hound zombies
  12 gnolls
  6 adders
  2 oozes
  An adder skeleton (D:7)
  3 worms
  8 leopard geckos
  22 orcs
  5 giant cockroaches
  28 goblins
  18 hobgoblins
  3 jackals (D:6)
  5 quokkas
  A ball python (D:4)
  9 bats
  A frilled lizard (D:2)
  5 kobolds
  4 rats
180 creatures vanquished.

Vanquished Creatures (collateral kills)
  A worker ant (D:7)
1 creature vanquished.

Vanquished Creatures (others)
  A giant cockroach (D:4)
1 creature vanquished.

Grand Total: 182 creatures vanquished

Notes
Turn   | Place    | Note
-------+----------+-------------------------------------------
     0 | D:1      | Amnesiac the Mummy Wizard began the quest for the Orb.
     0 | D:1      | Reached XP level 1. HP: 13/13 MP: 5/5
    38 | D:1      | Reached skill level 1 in Conjurations
   383 | D:1      | Reached XP level 2. HP: 16/19 MP: 5/7
   600 | D:1      | Reached skill level 5 in Spellcasting
   725 | D:1      | Learned a level 2 spell: Call Imp
   756 | D:2      | Learned a level 2 spell: Blink
   855 | D:2      | Reached skill level 1 in Fighting
   904 | D:2      | Reached XP level 3. HP: 23/26 MP: 9/9
   909 | D:2      | Learned a level 3 spell: Conjure Flame
   913 | D:2      | Learned a level 3 spell: Mephitic Cloud
  1772 | D:3      | Reached XP level 4. HP: 33/33 MP: 6/11
  1811 | D:3      | Noticed Natasha
  1822 | D:3      | Killed Natasha
  1822 | D:3      | Reached XP level 5. HP: 26/39 MP: 12/12
  2095 | D:3      | Found a sparkling altar of Nemelex Xobeh.
  2345 | D:4      | Noticed a slave
  2348 | D:4      | Noticed a slave
  2354 | D:4      | Noticed Pikel
  2365 | D:3      | Killed a slave
  2568 | D:4      | Noticed a slave
  2586 | D:4      | Killed Pikel
  2586 | D:4      | Reached skill level 6 in Spellcasting
  2586 | D:4      | Reached XP level 6. HP: 6/48 MP: 1/15
  2586 | D:4      | Reached XP level 7. HP: 7/54 MP: 1/16
  2878 | D:4      | Found a glowing golden altar of the Shining One.
  3183 | D:4      | Got a jewelled rapier
  3285 | D:5      | Entered Level 5 of the Dungeon
  3347 | D:5      | Reached skill level 5 in Dodging
  3347 | D:5      | Reached skill level 7 in Spellcasting
  3646 | D:5      | Found a radiant altar of Vehumet.
  3672 | D:5      | Reached XP level 8. HP: 53/61 MP: 8/18
  3709 | D:4      | Found a burning altar of Makhleb.
  3800 | D:4      | Found a hide-covered altar of Uskayaw.
  3979 | D:5      | Found a basalt altar of Yredelemnul.
  4018 | D:5      | Found a shattered altar of Ashenzari.
  4168 | D:5      | Reached skill level 5 in Fighting
  4174 | D:5      | Noticed Natasha
  4188 | D:5      | Killed Natasha
  4553 | D:5      | Noticed tidbits's ghost (amateur GnTm)
  4707 | D:5      | Noticed Natasha
  4723 | D:5      | Killed Natasha
  4853 | D:6      | Noticed Menkaure
  4878 | D:5      | Killed Menkaure
  5166 | D:6      | Found Zugh's Assorted Antiques.
  5175 | D:6      | Bought a scroll labeled UTWARI ZAPP for 23 gold pieces
  5175 | D:6      | Bought a scroll labeled IKAMAA EROSHROU for 23 gold pieces
  5176 | D:6      | Bought a scroll of identify for 46 gold pieces
  5273 | D:6      | Learned a level 2 spell: Sticks to Snakes
  5334 | D:6      | Noticed Sigmund
  5355 | D:6      | Killed Sigmund
  5355 | D:6      | Reached skill level 8 in Spellcasting
  5546 | D:6      | Found Coerinti's Weapon Shop.
  5547 | D:6      | Found a hazy altar of Hepliaklqana.
  6028 | D:7      | Noticed an orc sorcerer
  6134 | D:7      | Noticed an orc sorcerer
  6135 | D:7      | Noticed a wizard
  6136 | D:7      | Killed an orc sorcerer
  6136 | D:7      | Reached XP level 9. HP: 64/69 MP: 21/21
  6145 | D:7      | Killed a wizard
  6145 | D:7      | Reached skill level 9 in Spellcasting
  6153 | D:7      | Killed an orc sorcerer
  6426 | D:7      | Found a flagged portal.
  6536 | Bailey   | Entered a bailey
  6635 | Bailey   | Learned a level 2 spell: Poisonous Vapours
  7700 | Bailey   | Noticed an orc knight
  7722 | Bailey   | Killed an orc knight
  7722 | Bailey   | Reached XP level 10. HP: 79/79 MP: 19/23
  7897 | Bailey   | Reached skill level 10 in Spellcasting
  7904 | Bailey   | Noticed an orc knight
  8128 | Bailey   | Noticed an orc warlord
  8425 | Bailey   | Shot with a bolt by an orc warlord

Vault maps used:
D:1:      lemuel_arrival_broad_hall, minmay_statues_item
D:2:      st_stairs_1
D:3:      nicolae_overflow_hidden_temple, kennysheep_generic_room_12,
          uniq_natasha
D:4:      kennysheep_big_flooded_room, lemuel_crystal_altar,
          nicolae_overflow_crystal_walls, eat_drink_and_be_merry_uskayaw,
          first_ration, uniq_pikel
D:5:      kennysheep_mini_moat, lemuel_crystal_altar, ashenzari_altar_1
D:6:      basic_altar, serial_shops, shop, nicolae_shop_window_shopping,
          item_on_display_a, uniq_menkaure, uniq_sigmund
D:7:      cheibrodos_wizards_tower, nicolae_dithmenos_shadow_blocks,
          minmay_temple_entry_fiery, serial_shops, shop, enter_bailey_3
Bailey:   bailey_axe_minmay_hex_keep, bailey

Skill      XL: |  1  2  3  4  5  6  7  8  9 10 |
---------------+-------------------------------+-----
Conjurations   | 1 |  1.0
Spellcasting   | 5 6 7 8 9 10 | 10.1
Fighting       | 1 2 4 6 7 |  7.6
Dodging        | 2 4 5 7 8 9 |  9.0
Stealth        | |  1.5
Summonings     | |  0.7
Translocations | |  0.7

Action                   |  1- 3 |  4- 6 |  7- 9 | 10-12 || total
-------------------------+-------+-------+-------+-------++-------
Melee: Dagger            |    48 |    32 |   221 |       ||   301
       Staff             |       |     2 |       |       ||     2
 Cast: Magic Dart        |    58 |    23 |    89 |       ||   170
       Mephitic Cloud    |     5 |     5 |    17 |    12 ||    39
       Conjure Flame     |       |     1 |    12 |       ||    13
       Call Imp          |       |       |     3 |       ||     3
       Poisonous Vapours |       |       |    90 |    50 ||   140
       Sticks to Snakes  |       |       |       |     2 ||     2
  Use: Scroll            |       |     3 |     3 |     5 ||    11
 Stab: Sleeping          |     3 |       |     2 |       ||     5
       Confused          |     1 |     4 |     4 |       ||     9
       Distracted        |       |       |     1 |       ||     1
Armor: Robe              |    11 |     3 |    18 |       ||    32
Dodge: Dodged            |    36 |    26 |   179 |    10 ||   251

Table legend:
 A = Spawn XP
 B = Non-spawn XP
 C = Spawn XP percentage of total XP
 D = Spawn monster count
 E = Non-spawn monster count
 F = Spawn count percentage of total count
 G = Total turns spent on level
                    A         B        C        D         E        F      G
               +---------+---------+-------+---------+---------+-------+---------
         Total |       0 |    6917 |   0.0 |       0 |     180 |   0.0 |  8425
               +---------+---------+-------+---------+---------+-------+---------
           D:1 |       0 |      27 |   0.0 |       0 |      15 |   0.0 |   752
           D:2 |       0 |      48 |   0.0 |       0 |      18 |   0.0 |   868
           D:3 |       0 |     141 |   0.0 |       0 |      14 |   0.0 |  1231
           D:4 |       0 |     963 |   0.0 |       0 |      14 |   0.0 |   788
           D:5 |       0 |     801 |   0.0 |       0 |      18 |   0.0 |  1568
           D:6 |       0 |     496 |   0.0 |       0 |      15 |   0.0 |   767
           D:7 |       0 |    2384 |   0.0 |       0 |      23 |   0.0 |   562
        Bailey |       0 |    2057 |   0.0 |       0 |      63 |   0.0 |  1889
               +---------+---------+-------+---------+---------+-------+---------
